 Dungeon Crawl Stone Soup version 0.25.0-46-gbd7b0854d2 (webtiles) character file.

Game seed: 8258267748692516185

616 KleinerIrrer the Ruffian (level 7, -7/62 HPs)
             Began as a Troll Arcane Marksman on July 13, 2020.
             Was a Follower of Cheibriados.
             Mangled by an ogre
             ... wielding a +0 giant club
              (12 damage)
             ... on level 4 of the Dungeon.
             The game lasted 00:07:44 (2437 turns).

KleinerIrrer the Ruffian (Troll Arcane Marksman)    Turns: 2437, Time: 00:07:45

Health: -7/62      AC:  6    Str: 28    XL:     7   Next: 21%
Magic:  7/7        EV: 11    Int: 14    God:    Cheibriados [*.....]
Gold:   143        SH:  0    Dex: 13    Spells: 7/8 levels left

rFire    . . .     SeeInvis .     - Unarmed
rCold    . . .     Gourm    +   (no shield)
rNeg     . . .     Faith    .   a - +0 robe
rPois    .         Spirit   .   (helmet restricted)
rElec    .         Reflect  .   (no cloak)
rCorr    .         Harm     .   (gloves unavailable)
MR       .....                  (boots unavailable)
Stlth    +.........             (no amulet)
HPRegen  0.60/turn              e - +6 ring of strength
MPRegen  0.10/turn              (no ring)

@: very slow
A: large, unfitting armour, claws 3, fast metabolism 3, gourmand, regeneration
1, shaggy fur 1, tough skin 3
a: Bend Time, Renounce Religion


You were on level 4 of the Dungeon.
You worshipped Cheibriados.
Cheibriados was aware of your devotion.
You were completely stuffed.

You visited 1 branch of the dungeon, and saw 4 of its levels.

You collected 143 gold pieces.

Inventory:

Missiles
 d - 2 throwing nets (quivered)
 i - 141 stones
 j - 7 poisoned darts
Armour
 a - a +0 robe (worn)
Jewellery
 e - a +6 ring of strength (left claw)
Scrolls
 g - 3 scrolls of identify
 h - 3 scrolls of enchant armour
 l - a scroll of magic mapping
 m - 2 scrolls of amnesia
 p - 2 scrolls of remove curse
Potions
 b - 2 potions of mutation {unknown}
 n - a potion of resistance {unknown}
 o - a potion of lignification
 q - a potion of stabbing {unknown}
Comestibles
 f - 12 rations


   Skills:
 + Level 1.4 Fighting
 - Level 1.7 Throwing
 + Level 3.3 Dodging
 * Level 6.5 Unarmed Combat
 - Level 1.0 Spellcasting
 - Level 2.0 Hexes


You had 7 spell levels left.
You knew the following spells:

 Your Spells              Type           Power        Failure   Level  Hunger
a - Corona                Hex            #......      12%         1    ##.....

Your spell library contained the following spells:

 Spells                   Type           Power        Failure   Level  Hunger
 Slow                     Hex            #.......     17%         2    ###....
 Inner Flame              Hex/Fire       #.......     45%         3    ####...
 Portal Projectile        Hex/Tloc       #.....       45%         3    ####...
 Cause Fear               Hex            #.........   75%         4    #####..
 Leda's Liquefaction      Hex/Erth       #.........   86%         4    #####..


Dungeon Overview and Level Annotations

Branches:
Dungeon (4/15)
 Temple: D:4-7

Altars:
Ashenzari
Cheibriados
Fedhas
Wu Jian
Xom
The Shining One


Innate Abilities, Weirdness & Mutations

You are too large for most types of armour.
You have claws for hands.
Your metabolism is lightning-fast.
You like to eat raw meat.
Your natural rate of healing is unusually fast.
You are covered in fur. (AC +1)
You have extremely tough skin. (AC +3)


Message History

The ogre closely misses you.
You scratch the ogre but do no damage.
The ogre is lightly wounded.
The ogre hits you with a +0 giant club!!
* * * LOW HITPOINT WARNING * * *
The ogre hits you with a +0 giant club!
* * * LOW HITPOINT WARNING * * *
Really quaff the potion of lignification? [Y]es or [N]o only, please.
Really quaff the potion of lignification? [Y]es or [N]o only, please.
Really quaff the potion of lignification?
Okay, then.
Unknown command.
You barely miss the ogre.
The ogre is lightly wounded.
You completely miss the ogre.
The ogre is lightly wounded.
The ogre hits you with a +0 giant club!
You die...

#.# #.#.#.#.#.#.#.#
.#.# #.#.#.#.#.#..
#.#.#.#.#.#.#.#.#
+#.#.#+#.#.#.#.#+
........((#.#.#.#
.........#.#.#.#..
..........'#.#.#+#.#
...........#O#.#.. ..
...>...(...@#.#+...
......+#.#.#.#.#.....
....#.#.#.#.#.# #+#
.....#.#.#.#.#.#
+#+#.#.#.#.#.#.#+
#.#.#.#.#.#.#.#.#
.#.#.#(#.#.#.#.#+
#.#.#.#.#.#.#.#.#
#<#.#.#.#.#.#.#+


You could see an ogre.

Vanquished Creatures
  Grinder (D:3)
  A phantom (D:4)
  A centaur (D:2)
  An orc wizard (D:3)
  Jessica (D:3)
  A hound skeleton (D:4)
  Robin (D:3)
  A howler monkey skeleton (D:4)
  6 adders
  A shadow imp (D:4)
  An ooze (D:1)
  A worm (D:2)
  5 dart slugs
  A leopard gecko (D:4)
  3 orcs
  4 ball pythons
  7 bats
  3 giant cockroaches
  13 goblins
  10 hobgoblins
  5 jackals
  2 quokkas (D:3)
  5 frilled lizards
  4 kobolds (D:3)
  A leopard gecko skeleton (D:4)
  11 rats
91 creatures vanquished.

Vanquished Creatures (others)
  An orc wizard (D:4)
  A worker ant (D:4)
  An adder (D:4)
  A quokka (D:4)
  A frilled lizard (D:4)
5 creatures vanquished.

Grand Total: 96 creatures vanquished

Notes
Turn   | Place    | Note
-------+----------+-------------------------------------------
     0 | D:1      | KleinerIrrer the Troll Arcane Marksman began the quest for
                  | the Orb.
     0 | D:1      | Reached XP level 1. HP: 18/18 MP: 1/1
    64 | D:1      | Reached XP level 2. HP: 26/26 MP: 2/2
   105 | D:1      | Reached skill level 1 in Unarmed Combat
   245 | D:1      | Reached skill level 1 in Fighting
   250 | D:1      | Reached XP level 3. HP: 25/33 MP: 3/3
   788 | D:2      | Reached skill level 2 in Unarmed Combat
  1160 | D:2      | Found a blossoming altar of Fedhas.
  1274 | D:3      | Noticed a centaur
  1309 | D:2      | Reached XP level 4. HP: 21/41 MP: 4/4
  1318 | D:2      | Killed a centaur
  1318 | D:2      | Reached skill level 3 in Unarmed Combat
  1318 | D:2      | Reached XP level 5. HP: 7/48 MP: 5/5
  1511 | D:3      | Found a snail-covered altar of Cheibriados.
  1546 | D:3      | Became a worshipper of Cheibriados the Contemplative
  1566 | D:3      | Noticed Grinder
  1635 | D:3      | Paralysed by Grinder for 2 turns
  1637 | D:3      | Killed Grinder
  1637 | D:3      | Reached skill level 5 in Unarmed Combat
  1637 | D:3      | Reached XP level 6. HP: 33/55 MP: 6/6
  1724 | D:3      | Noticed Jessica
  1747 | D:3      | Noticed Robin
  1991 | D:3      | Found an ornate altar of the Wu Jian Council.
  1991 | D:3      | Found a shattered altar of Ashenzari.
  1991 | D:3      | Found a glowing golden altar of the Shining One.
  2020 | D:3      | Reached * piety under Cheibriados
  2027 | D:3      | Killed Jessica
  2034 | D:3      | Killed Robin
  2182 | D:3      | Reached skill level 6 in Unarmed Combat
  2376 | D:4      | Reached XP level 7. HP: 62/62 MP: 7/7
  2379 | D:4      | Found a shimmering altar of Xom.
  2437 | D:4      | Mangled by an ogre

Illustrated notes

Levels and vault maps discovered:
D:1:      scummos_arrival_simple_fountains, layout_rooms, minmay_split_cup_large
D:2:      layout_loops_corners, fedhas_altar_2
D:3:      layout_rooms, chequers_temple_overflow_statue_of_worship,
          cheibriados_altar_1, uniq_jessica, uniq_grinder, uniq_robin
D:4:      cheibrodos_helix_gallery, layout_basic, first_ration,
          xom_confusion_cloud

Skill      XL: |  1  2  3  4  5  6 |
---------------+-------------------+-----
Dodging        | 2 3 |  3.3
Unarmed Combat | 1 2 3 5 6 |  6.5
Fighting       | 1 |  1.4
Throwing       | |  1.7
Spellcasting   | |  1.0
Hexes          | |  2.0

Action                   |  1- 3 |  4- 6 |  7- 9 || total
-------------------------+-------+-------+-------++-------
Melee: Unarmed           |   114 |   118 |    26 ||   258
       Punch             |     1 |     3 |       ||     4
Throw: Stone             |       |     3 |       ||     3
       Large rock        |       |     6 |     3 ||     9
  Use: Potion            |       |     3 |       ||     3
       Scroll            |       |     5 |       ||     5
 Stab: Sleeping          |     2 |       |       ||     2
  Eat: Chunk             |    18 |     9 |       ||    27
Armor: Robe              |    56 |    50 |     6 ||   112
Dodge: Dodged            |    66 |    61 |     9 ||   136
